cohdb
Replays
Latest Replays
All Replays
Popular Replays
Top Player Replays
Match Explorer
How It Works
Community
CoH3 Stats
Reddit
Sign in to upload your games and track your stats! →
Sign in with Steam
Match 44523448
Unlisted
Match 44523448
Overview
Messages
Build Orders
End
Construct Barracks
Selects Special Operations Battlegroup
Selects M29 Weasel Recon Vehicle
M29 Weasel Recon Vehicle
Riflemen Squad
Riflemen Squad
Riflemen Squad
Grenade Package
Riflemen Squad
Selects Raiding Flares
Mechanized Support Center
Construct Weapon Support Center
Selects SSF Commando Squad
SSF Commando Squad
SSF Commando Squad
Serial Chiller
LevineM
cfsun0419
沟槽的改不了名
TuckJeezy
MeTaLBLaDE
Reggie
Shine
0
0
Comments
sign in to comment!
No comments posted yet!